 Dungeon Crawl Stone Soup version 0.25.0-9-g26727b657a (webtiles) character file.

Game seed: 3859264568172590938

(classic levelgen) 75 EnegeticOcto the Shield-Bearer (level 4, 6/37 HPs)
             Began as a Formicid Fighter on June 21, 2020.
             Quit the game on level 3 of the Dungeon.
             The game lasted 00:01:07 (1076 turns).

EnegeticOcto the Shield-Bearer (Formicid Fighter)   Turns: 1076, Time: 00:01:08

Health: 6/37       AC:  7    Str: 22    XL:     4   Next: 55%
Magic:  4/4        EV:  8    Int:  7    God:
Gold:   62         SH:  9    Dex: 10    Spells: 3/3 levels left

rFire    . . .     SeeInvis +   a - +0 quarterstaff
rCold    . . .     Gourm    .   c - +0 kite shield
rNeg     . . .     Faith    .   b - +0 scale mail
rPois    .         Spirit   .   (helmet unavailable)
rElec    .         Reflect  .   (no cloak)
rCorr    .         Harm     .   (no gloves)
MR       .....                  (no boots)
Stlth    ..........             (no amulet)
HPRegen  0.12/turn              i - ring of teleportation (curse)
MPRegen  0.09/turn              (no ring)

@: no status effects
A: permanent stasis, dig shafts and tunnels, four strong arms, antennae 3
a: Dig, Shaft Self


You were on level 3 of the Dungeon.
You were not hungry.

You visited 1 branch of the dungeon, and saw 3 of its levels.

You collected 62 gold pieces.

Inventory:

Hand Weapons
 a - a +0 quarterstaff (weapon)
Armour
 b - a +0 scale mail (worn)
 c - a +0 kite shield (worn)
Jewellery
 i - a cursed ring of teleportation (left hand)
Scrolls
 g - a scroll of enchant armour {unknown}
 l - a scroll of immolation {unknown}
 m - a scroll of teleportation {unknown}
 n - a scroll of identify {unknown}
Potions
 d - 2 potions of might {@q3 !q}
 f - a potion of flight {unknown}
 j - 2 potions of curing {unknown}
 k - a potion of heal wounds {unknown}
Comestibles
 e - 3 rations
 h - 3 chunks of flesh


   Skills:
 + Level 3.8 Fighting
 * Level 3.1 Staves
 + Level 3.8 Armour
 + Level 4.2 Shields


You had 3 spell levels left.
You didn't know any spells.
Your spell library was empty.

Dungeon Overview and Level Annotations

Branches:
Dungeon (2/15)

Altars:
Nemelex Xobeh

Annotations:
D:2 1 runed translucent door, Crazy Yiuf


Innate Abilities, Weirdness & Mutations

You cannot be hasted, slowed, berserked, paralysed or teleported.
You can dig through walls and to a lower floor.
Your four strong arms can wield two-handed weapons with a shield.
You have a pair of large antennae on your head. (SInv)


Message History

You are too injured to fight recklessly!
You are too injured to fight recklessly!
You are too injured to fight recklessly!
You are too injured to fight recklessly!
You are too injured to fight recklessly!
You are too injured to fight recklessly!
You are too injured to fight recklessly!
You are too injured to fight recklessly!
You are too injured to fight recklessly!
You are too injured to fight recklessly!
Things that are here:
a +0 halberd; a gnoll corpse You see here a +1 dagger of flaming.
A gnoll comes into view. It is wielding a +0 whip.
The gnoll shouts!
The gnoll hits you with a +0 whip!
Okay, then.
Are you sure you want to shaft yourself?
You feel somewhat more hungry.
You begin to dig a shaft.
You continue digging a shaft.
A shaft appears beneath you!
You fall into a shaft and drop 1 floor!
The shaft crumbles and collapses. 4 orcs come into view.
The orc shouts! x4; You hear a shout!
You hear an angry hiss.
Found 6 gold pieces.
A giant cockroach comes into view.
An orc comes into view. It is wielding a +0 short sword.
Found 14 gold pieces.
The orc shouts!
A hobgoblin comes into view. It is wielding a +0 club.
The hobgoblin shouts!
A hobgoblin comes into view. It is wielding a +0 club.
The hobgoblin shouts!
The hobgoblin barely misses you.
You hit the hobgoblin.
The hobgoblin is heavily wounded.
The giant cockroach bites you but does no damage.
The orc hits you.
The hobgoblin hits you but does no damage.
You closely miss the hobgoblin.
The hobgoblin is heavily wounded.
The giant cockroach closely misses you. You block the orc's attack.
The hobgoblin barely misses you. You block the giant cockroach's attack.
You hit the hobgoblin.
You kill the hobgoblin!
You block the orc's attack. The giant cockroach closely misses you.
Found a stone staircase leading down.
Things that are here:
a +0 club; a hobgoblin corpse An orc comes into view.
It is wielding a +0 war axe.
The orc shouts!
A bat comes into view.
The bat moves out of view.
The orc closely misses you. The orc hits you.
Your shield prevents you from hitting the orc.
The orc hits you.
You closely miss the orc.
The orc shouts loudly, as Orcs often do.
The orc barely misses you.
You hit the orc.
The orc is severely wounded.
A jackal comes into view.
The orc barely misses you.
The jackal barks!
You sock the orc!
You kill the orc!
You hear a bark!
A jackal comes into view.
You hit the orc.
The orc is severely wounded.
You block the orc's attack.
You completely miss the orc.
The orc is severely wounded.
You block the orc's attack. x2
You sock the orc!
You kill the orc!
The jackal closely misses you.
You hit the giant cockroach but do no damage.
You block the jackal's attack. The giant cockroach bites you.
* * * LOW HITPOINT WARNING * * *
The jackal bites you but does no damage.
You block the giant cockroach's attack.
You barely miss the jackal. You block the jackal's attack.
The jackal closely misses you. You block the giant cockroach's attack.
The jackal bites you but does no damage.
The jackal bites you.
* * * LOW HITPOINT WARNING * * *
You closely miss the jackal. You block the jackal's attack.
The giant cockroach bites you.
* * * LOW HITPOINT WARNING * * *
The jackal closely misses you. You block the jackal's attack.
The giant cockroach bites you.
* * * LOW HITPOINT WARNING * * *
You barely miss the jackal. You block the jackal's attack.
The jackal bites you but does no damage.
The giant cockroach barely misses you.
The jackal bites you but does no damage.
Are you sure you want to abandon this character and quit the game? (Confirm with "yes".)

...#.##...o......
#......##......... .
#>#. #......{...# .. ...
###..###..## ... #..
#.o......## ....
#o###..#......# ....
#.{.##...####.#
##.#..#####o).........#
#.....h@sgoo####..###...
#.....h###### #..#
#...... #### #######


You could see 3 orcs, 2 jackals, a giant cockroach and a hobgoblin.

Vanquished Creatures
  Jessica (D:2)
  A gnoll (D:2)
  2 dart slugs (D:1)
  3 leopard geckos
  2 orcs (D:3)
  2 giant cockroaches
  4 hobgoblins
  9 bats (D:1)
  3 frilled lizards
  2 goblins
  2 kobolds
  2 rats (D:1)
33 creatures vanquished.

Notes
Turn   | Place    | Note
-------+----------+-------------------------------------------
     0 | D:1      | EnegeticOcto the Formicid Fighter began the quest for the
                  | Orb.
     0 | D:1      | Reached XP level 1. HP: 18/18 MP: 1/1
   238 | D:1      | Reached XP level 2. HP: 23/24 MP: 2/2
   415 | D:1      | Reached XP level 3. HP: 29/29 MP: 3/3
   668 | D:2      | Found a sparkling altar of Nemelex Xobeh.
   779 | D:2      | Noticed Jessica
   781 | D:2      | Killed Jessica
   781 | D:2      | Reached skill level 4 in Shields
   781 | D:2      | Reached XP level 4. HP: 37/37 MP: 4/4
   845 | D:2      | Found a runed translucent door.
   846 | D:2      | Noticed Crazy Yiuf
   911 | D:2      | Reached skill level 3 in Staves
  1044 | D:2      | You fall into a shaft and drop 1 floor!
  1076 | D:3      | Quit the game

Illustrated notes

Levels and vault maps discovered:
D:1:      elethiomel_arrival_shortcut, layout_basic, hangedman_decor_opposing,
          minmay_tiny_reverse_x
D:2:      layout_loops_cross, nicolae_dithmenos_through_a_glass_darkly,
          nemelex_diamond_rough_becter, uniq_crazy_yiuf_cottage, uniq_jessica,
          uniq_terence
D:3:      layout_rooms, minmay_misc_feat_hallway

Skill      XL: |  1  2  3  4 |
---------------+-------------+-----
Shields        | 4 |  4.2
Staves         | 3 |  3.1
Fighting       | |  3.8
Armour         | |  3.8

Action                   |  1- 3 |  4- 6 || total
-------------------------+-------+-------++-------
Melee: Quarterstaff      |    70 |    38 ||   108
 Abil: Shaft Self        |       |     1 ||     1
  Eat: Chunk             |       |     1 ||     1
Armor: Scale mail        |    45 |    15 ||    60
Dodge: Dodged            |    24 |    21 ||    45
Block: Kite shield       |    40 |    21 ||    61
